 Dungeon Crawl Stone Soup version 0.28-a0-794-gafe8c5f9e9 (webtiles) character file.

Game seed: 15885827884998636296

4 kae the Caller (level 1, 0/10 HPs)
             Began as a Tengu Summoner on Nov 5, 2021.
             Slain by a hobgoblin (3 damage)
             ... on level 1 of the Dungeon.
             The game lasted 00:00:18 (452 turns).

kae the Caller (Tengu Summoner)                      Turns: 452, Time: 00:00:19

Health: 0/10       AC:  2    Str:  8    XL:     1   Next: 60%
Magic:  3/4        EV: 12    Int: 15    God:
Gold:   29         SH:  0    Dex: 14    Spells: 3/4 levels left

rFire   . . .      SeeInvis .   (no weapon)
rCold   . . .      Faith    .   (no shield)
rNeg    . . .      Spirit   .   a - +0 robe
rPois   .          Reflect  .   (helmet restricted)
rElec   .          Harm     .   (no cloak)
rCorr   .          Rampage  .   (no gloves)
Will    .....                   (boots unavailable)
Stlth   ++........              (no amulet)
HPRegen 0.03/turn               (no ring)
MPRegen 0.09/turn               (no ring)

@: no status effects
A: beak, talons 3
a: no special abilities


You were on level 1 of the Dungeon.
You visited 1 branch of the dungeon, and saw 1 of its levels.

You collected 29 gold pieces.

Inventory:

Armour
 a - a +0 robe (worn)


   Skills:
 + Level 0.2 Fighting
 + Level 2.2 Dodging
 - Level 2.0 Stealth
 + Level 2.0 Spellcasting
 * Level 4.9 Summonings


You had 3 spell levels left.
You knew the following spells:

 Your Spells              Type           Power      Damage    Failure   Level
a - Summon Small Mammal   Summ           64%        N/A       3%          1

Your spell library contained the following spells:

 Spells                   Type           Power      Damage    Failure   Level
 Call Imp                 Summ           16%        N/A       4%          2
 Call Canine Familiar     Summ           16%        N/A       9%          3
 Summon Guardian Golem    Hex/Summ       9%         N/A       24%         3
 Summon Lightning Spire   Summ/Air       9%         N/A       61%         4


Dungeon Overview and Level Annotations

Branches:
Dungeon (1/15)

Altars:


Innate Abilities, Weirdness & Mutations

You have a beak for a mouth.
You have claws for feet.


Message History

You hit the rat but do no damage.
Your quokka closely misses the rat.
The rat barely misses you.
Your quokka bites the rat.
The rat dies!
You are too injured to fight recklessly!
Your quokka disappears in a puff of smoke!
Key pressed, stopping explore.
HP restored.
You now have 29 gold pieces (gained 4).
A hobgoblin comes into view.
A hobgoblin is nearby!
A hobgoblin is nearby!
Casting: Summon Small Mammal (safe; 3% risk of failure)
Confirm with . or Enter, or press ? or * to list all spells.
Your bat hits the hobgoblin.
The hobgoblin shouts!
The hobgoblin hits your bat.
Your bat closely misses the hobgoblin.
The hobgoblin closely misses your bat.
You swap places.
Found a robe and a scroll labelled DEIXESK QEAPE.
The hobgoblin hits you.
You barely miss the hobgoblin.
The hobgoblin is moderately wounded.
The hobgoblin barely misses you.
You hit the hobgoblin but do no damage. Your kick misses the hobgoblin.
You peck the hobgoblin, but do no damage.
The hobgoblin is moderately wounded.
The hobgoblin hits you.
A hobgoblin is nearby!
You are too injured to fight recklessly!
You are too injured to fight recklessly!
You are too injured to fight recklessly!
You are too injured to fight recklessly!
Your bat hits the hobgoblin but does no damage.
The hobgoblin hits you.
* * * LOW HITPOINT WARNING * * *
You barely miss the hobgoblin. You claw the hobgoblin.
The hobgoblin is heavily wounded.
Your bat hits the hobgoblin but does no damage.
The hobgoblin hits you.
You die...

.. #.# #?# #.# #.# #[#
#####.# #...bg#
#.###@# ##.# ### ####.
## ########..###.# .
#.... #
.###...##.....#..# ...
.$..#.##
................##....
.......
...#####...........#
...#..
####...####.....####..
.....
#.........###'###.....
#g...
.....<......'.'......⌠
+....


You could see a hobgoblin (ally target) and a friendly bat (summoned).

Vanquished Creatures
  A ball python (D:1)
  A rat (D:1)
2 creatures vanquished.

Vanquished Creatures (collateral kills)
  A hobgoblin (D:1)
  2 rats (D:1)
3 creatures vanquished.

Grand Total: 5 creatures vanquished

Notes
Turn   | Place    | Note
-------+----------+-------------------------------------------
     0 | D:1      | kae the Tengu Summoner began the quest for the Orb.
     0 | D:1      | Reached XP level 1. HP: 10/10 MP: 4/4
   452 | D:1      | Slain by a hobgoblin

Illustrated notes

Levels and vault maps discovered:
D:1:      elethiomel_arrival_infinity_welcomes_careful_drivers,
          layout_loops_ring, hangedman_feature_mirror, st_stairs_9,
          hangedman_decor_slide_cut

Action                   || total
-------------------------++-------
Melee: Unarmed           ||     8
       Kick              ||     2
       Peck              ||     2
 Cast: Summon Small Mamm ||     8
Armor: Robe              ||     1
Dodge: Dodged            ||     7

Table legend: (Time is in decaauts)
 A = Elapsed time spent in this place.
 B = Non-inter-level travel time spent in this place.
 C = Inter-level travel time spent in this place.
 D = Time resting spent in this place.
 E = Time spent auto-exploring this place.
 F = Levels seen in this place.
 G = Mean time per level.
                   A        B        C        D        E       F      G
               +--------+--------+--------+--------+--------+-----+--------+
         Total |    452 |    452 |      0 |      0 |    403 |   1 |  452.0 |
       Dungeon |    452 |    452 |      0 |      0 |    403 |   1 |  452.0 |
               +--------+--------+--------+--------+--------+-----+--------+

Top non-repeatable levels by time:
     D:1: 452 daAuts
